Unix NetHack Version 5.0.0-0 post-release - last build May 23 2026 06:08:33 (1c0ff79ee797540d5714e4e18072db0edd9e58ae,branch:main).

Game began 2026-05-30 01:34:18, ended 2026-05-30 01:39:13.

Kwijibo4686, neutral female human Valkyrie

            --------
            |......|
            |.......
           #-.....(|
           #-.-.----
           # # ###
           #   ###
           #     ##
           #      ##
           #       ###
           #     ----|-
           #     |.....
           #     |.....
           #     |..
   --------#     |.m
   |.......#     |@.
   |......|      |..
   |..<...+
   --------

Kwijibo4686 the Skirmisher  St:17 Dx:14 Co:18 In:8 Wi:9 Ch:9  Neutral
Dlvl:3  $:38 HP:0(32) Pw:7(7) AC:1  Xp:3 T:858 

Latest messages:
 You miss the hobbit.
 You hit the hobbit.
 The hobbit thrusts his elven dagger.
 The hobbit hits!
 You kill the hobbit!
 Welcome to experience level 3.
 You feel stealthy!
 l - an elven mithril-coat.
 What do you want to drop? [$a-fh-l or ?*] l
 You drop an elven mithril-coat.
 What do you want to use or apply? [j or ?*] a
 Sorry, I don't know how to use that.
 There is nothing here to pick up.
 You see here an elven mithril-coat.
 You see here an elven dagger.
 The '5' prefix should be followed by a movement command.
 The kitten picks up an elven dagger.
 You see here an elven mithril-coat.
 l - an elven mithril-coat.
 What do you want to take off? [ck or ?*] ?
 You finish taking off your mail.
 What do you want to drop? [$a-fh-l or ?*] k
 You drop a +0 scale mail.
 The kitten drops an elven dagger.
 What do you want to wear? [l or ?*] ?
 What do you want to wear? [l or ?*] l
 You finish your dressing maneuver.
 You hear water falling on coins.
 You descend the stairs.
 m - a ruby potion.
 $ - 3 gold pieces (35 in total).
 The door resists!
 The door opens.
 n - a golden potion.
 $ - 3 gold pieces (38 in total).
 You see here a chest.
 f - a milky potion (4 in total).
 You swap places with your kitten.
 You hear some noises.
 You find a hidden door.
 The door opens.
 That chest is a giant mimic!
 The giant mimic hits!
 The giant mimic hits again!
 You hit the giant mimic!
 You hit the giant mimic!
 The giant mimic hits!
 The giant mimic hits again!
 You die...
 Do you want your possessions identified? [ynq] (y) q

Inventory:
 Coins    ('$')
  $ - 38 gold pieces
 Weapons  (')')
  b - a +0 dagger (alternate weapon; not wielded)
  a - a +1 spear (weapon in right hand)
 Armor    ('[')
  c - an uncursed +3 small shield (being worn)
  l - an uncursed +0 elven mithril-coat (being worn)
 Comestibles  ('%')
  d - an uncursed food ration
  i - an uncursed lichen corpse
 Scrolls  ('?')
  e - an uncursed scroll of enchant armor
 Potions  ('!')
  f - 4 uncursed potions of healing
  m - a cursed potion of object detection
  n - an uncursed potion of polymorph
  h - an uncursed potion of speed
 Wands    ('/')
  j - a wand of fire (0:6)

Kwijibo4686 the Valkyrie's attributes:

Background:
 You were a Skirmisher, a level 3 human Valkyrie.
 You were neutral, on a mission for Odin
 who was opposed by Tyr (lawful) and Loki (chaotic).
 You were right-handed.
 You were in the Dungeons of Doom, on level 3.
 You entered the dungeon 858 turns ago.
 It was nighttime.
 You had 45 experience points, 35 more were needed to attain level 4.

Basics:
 You had 0 out of 32 hit points.
 You had all 7 energy points (spell power).
 Your armor class was 1.
 Your wallet contained 38 zorkmids.
 Autopickup was on for '$?!/="' plus thrown.

Final Characteristics:
 Your strength was 17 (limit:18/100).
 Your dexterity was 14 (limit:18).
 Your constitution was 18 (limit:18).
 Your intelligence was 8 (limit:18).
 Your wisdom was 9 (limit:18).
 Your charisma was 9 (limit:18).

Final Status:
 You were held by a giant mimic (northeast).
 You weren't hungry.
 You were unencumbered.
 You were wielding a spear.
 You had basic skill with spear.

Final Attributes:
 You were fervently aligned.
 You were cold resistant.
 You were stealthy.
 You were guarded.
 You are dead.

Miscellaneous:
 You didn't encounter any bones levels.
 Total elapsed playing time was 4 minutes and 54 seconds.

Major events:
 Turn
    1: Kwijibo4686 the neutral human Valkyrie entered the dungeon
  739: attained the rank of Skirmisher (level 3)
  858: killed by a giant mimic

You didn't know any spells.

Skills:
 Fighting Skills
   bare handed combat [Unskilled]
   two weapon combat  [Unskilled]
   riding             [Unskilled]
 Weapon Skills
   dagger             [Basic]
   axe                [Unskilled]
   pick-axe           [Unskilled]
   short sword        [Unskilled]
   broadsword         [Unskilled]
   long sword         [Unskilled]
   two-handed sword   [Unskilled]
   saber              [Unskilled]
   hammer             [Unskilled]
   quarterstaff       [Unskilled]
   polearms           [Unskilled]
   spear              [Basic]
   trident            [Unskilled]
   lance              [Unskilled]
   sling              [Unskilled]
 Spellcasting Skills
   attack spells      [Unskilled]
   escape spells      [Unskilled]

Voluntary challenges:
 Character rerolling was not enabled.
 You were an atheist.
 You were illiterate.
 You never genocided any monsters.
 You never polymorphed an object.
 You never changed form.
 You used no wishes.
Achievements:
 You entered a shop.
 You attained the rank of Skirmisher.

 The Dungeons of Doom: levels 1 to 3
    Level 1:
       A fountain.
    Level 2:
       A general store, a fountain.
    Level 3: <- You were here.
       Final resting place for
          you, killed by a giant mimic.


Vanquished creatures:
  a hobbit
  a giant rat
  a gnome zombie
  a gecko
  5 jackals
  a kobold
  2 goblins
  a grid bug
  2 lichens
  5 newts
20 creatures vanquished.

No species were genocided or became extinct.

Game over:
                       ----------
                      /          \
                     /    REST    \
                    /      IN      \
                   /     PEACE      \
                  /                  \
                  |   Kwijibo4686    |
                  |      38 Au       |
                  |   killed by a    |
                  |   giant mimic    |
                  |                  |
                  |                  |
                  |       2026       |
                 *|     *  *  *      | *
        _________)/\\_//(\/(/\)/\//\/|_)_______

Farvel Kwijibo4686 the Valkyrie...

You died in The Dungeons of Doom on dungeon level 3 with 315 points,
and 38 pieces of gold, after 858 moves.
You were level 3 with a maximum of 32 hit points when you died.

